 Dungeon Crawl Stone Soup version 0.31-a0-968-g24f9ace8b5 (webtiles) character file.

Game seed: 14879445195212054083

86 Dirtsage the Insei (level 4, 0/29 HPs)
             Began as an Octopode Shapeshifter on Oct 27, 2023.
             Slain by an iguana (14 damage)
             ... on level 3 of the Dungeon.
             The game lasted 00:02:39 (1745 turns).

Dirtsage the Insei (Octopode Shapeshifter)          Turns: 1745, Time: 00:02:39

Health: 0/29       AC:  1    Str: 13    XL:     4   Next: 50%
Magic:  4/4        EV: 13    Int: 18    God:
Gold:   153        SH:  0    Dex: 19    Spells: 3/3 levels left

rFire   . .          .
                       - Unarmed
rCold   . . .        (no shield)
rNeg    . . .        (helmet currently unavailable)
rPois   .            (no amulet)
rElec   .            k - +6 ring of dexterity
rCorr   .            l - +6 ring of intelligence
SInv    .            (no ring)
Will    .....        (no ring)
Stlth   +++          (no ring)
HPRegen 0.24/turn    (no ring)
MPRegen 0.09/turn    (no ring)
                     (no ring)

%: no passive effects
@: beast-form
A: beast (slay +2), almost no armour, amphibious, 8 rings, camouflage 1,
gelatinous body 1, (nimble swimmer 1), tentacles
a: Begin Untransformation


You were on level 3 of the Dungeon.
You were a hulking beast.
You visited 1 branch of the dungeon, and saw 3 of its levels.

You collected 153 gold pieces.

Inventory:

Magical Staves
 h - a staff of air
 j - a staff of poison
Jewellery
 k - a +6 ring of dexterity (left tentacle)
 l - a +6 ring of intelligence (right tentacle)
Talismans
 b - a beast talisman
 c - a flux talisman
Wands
 n - a wand of iceblast (14)
 p - a wand of polymorph (11)
Scrolls
 d - 2 scrolls of teleportation {unknown}
 f - a scroll of immolation {unknown}
 g - a scroll of identify {unknown}
 m - 2 scrolls of blinking {unknown}
 o - a scroll of revelation {unknown}
Potions
 a - a potion of lignification
 e - 2 potions of curing {unknown}
 i - a potion of ambrosia {unknown}


   Skills:
 + Level 1.9 Fighting
 - Level 2.0 Dodging
 * Level 4.0 Unarmed Combat
 * Level 3.8 Shapeshifting


You had 3 spell levels left.
You didn't know any spells.
Your spell library contained the following spells:

 Spells                   Type           Power      Damage    Failure   Level
 Ensorcelled Hibernation  Hex/Ice        0%         N/A       32%         2
 Passwall                 Tmut/Erth      0%         N/A       32%         2
 Frozen Ramparts          Ice            0%         1d1       54%         3
 Swiftness                Air            0%         N/A       54%         3
 Petrify                  Tmut/Erth      0%         N/A       91%         4
 Metabolic Englaciation   Hex/Ice        0%         N/A       99%         5


Dungeon Overview and Level Annotations

Branches:
Dungeon (3/15)

Altars:
Makhleb


Innate Abilities, Weirdness & Mutations

You are a hulking beast.
Your limbs bulge with bestial killing power. (Slay +2)
You cannot wear most types of armour.
You are amphibious.
You can wear up to eight rings at the same time.
Your skin changes colour to match your surroundings (Stealth+).
Your rubbery body absorbs attacks. (AC +1, EV +1)
((You are camouflaged when in or above water. (Stealth+)))
You have tentacles for arms and can constrict up to eight enemies at once.


Message History

The adder is almost dead.
You constrict the adder.
You kill the adder!
Your Unarmed Combat skill increases to level 4!
You swing at nothing.
Things that are here:
an adder corpse; a ball python corpse A rat comes into view.
A rat is nearby!
You catch the helpless rat completely off-guard!
You tentacle-slap the rat.
You kill the rat!
No target in view!
You see here a rat corpse.
A dart slug comes into view.
A bat comes into view.
An iguana comes into view.
The iguana hisses angrily.
A dart slug comes into view.
A bat comes into view.
You barely miss the bat. You grab the bat.
You constrict the bat, but do no damage.
The bat hits you.
The bat escapes!
You take 1 damage, and have 28/29 hp.
The bat closely misses you. The iguana barely misses you.
The dart slug bites you.
You barely miss the iguana. You grab the iguana. You constrict the iguana.
The bat barely misses you. The iguana bites you.
You take 6 damage, and have 22/29 hp.
MASSIVE DAMAGE!!
You barely miss the iguana.
The iguana is lightly wounded.
You constrict the iguana, but do no damage.
The dart slug bites you. The iguana bites you.
You take 8 damage, and have 14/29 hp.
MASSIVE DAMAGE!!
You are too injured to fight recklessly!
You tentacle-slap the iguana but do no damage.
The iguana is lightly wounded.
You constrict the iguana. The bat closely misses you.
The bat hits you but does no damage. The iguana bites you!
You die...

...#. ..!. ...# ##...##
####..... #.....$#
###.#.#l.##...
###########.....hw......
.#
..##.....##.#.#.#b....b.
...
#.##.....##.#...?.......
#
#.##...................#
#
.........######.##..w$.#
#.##.....# #.....)... #
#.######## #.######## #
†.# #.# ##.## # #.# #.#
#[..# #


You could see an iguana, 2 dart slugs and 2 bats.

Vanquished Creatures
  Ijyb (D:3)
  2 adders
  A worm (D:2)
  4 endoplasms
  A giant cockroach (D:2)
  4 goblins
  A hobgoblin (D:1)
  3 jackals (D:1)
  5 kobolds
  2 quokkas
  3 ball pythons
  7 bats
  A frilled lizard (D:2)
  7 rats
42 creatures vanquished.

Notes
Turn   | Place    | Note
-------+----------+-------------------------------------------
     0 | D:1      | Dirtsage the Octopode Shapeshifter began the quest for the
                  | Orb.
     0 | D:1      | Reached XP level 1. HP: 13/13 MP: 1/1
    87 | D:1      | Found a faded altar of an unknown god.
   239 | D:1      | Reached XP level 2. HP: 17/18 MP: 2/2
   808 | D:2      | Reached XP level 3. HP: 12/23 MP: 3/3
  1424 | D:3      | Found a burning altar of Makhleb.
  1424 | D:3      | Noticed a blizzard demon
  1516 | D:3      | Noticed Ijyb
  1527 | D:3      | Killed Ijyb
  1528 | D:3      | Reached XP level 4. HP: 8/29 MP: 4/4
  1696 | D:3      | Reached skill level 4 in Unarmed Combat
  1745 | D:3      | Slain by an iguana

Illustrated notes

Levels and vault maps discovered:
D:1:      dpeg_arrival_boxes_within_box, layout_basic,
          ebering_ecumenical_altar_webs, minmay_misc_feat_diagonals
D:2:      layout_loops_ring
D:3:      layout_loops_cross, grunt_temple_overflow_order_and_chaos_2,
          lemuel_round_altar, serial_glass, glass_columns_a, glass_columns_b,
          chequers_serial_rivers_small_b, uniq_ijyb

Skill      XL: |  1  2  3  4 |
---------------+-------------+-----
Unarmed Combat | 4 |  4.0
Fighting       | |  1.9
Dodging        | |  2.0
Shapeshifting  | |  3.8

Action                     |  1- 3 |  4- 6 || total
---------------------------+-------+-------++-------
  Melee: Unarmed           |    72 |     8 ||    80
         Constrict         |    15 |     3 ||    18
         Tentacles         |    11 |     1 ||    12
         Punch             |     1 |       ||     1
   Stab: Sleeping          |    10 |       ||    10
         Distracted        |       |     1 ||     1
 Armour: Skin              |    25 |     7 ||    32
  Dodge: Dodged            |    30 |     7 ||    37

Table legend: (Time is in decaauts)
 A = Elapsed time spent in this place.
 B = Non-inter-level travel time spent in this place.
 C = Inter-level travel time spent in this place.
 D = Time resting spent in this place.
 E = Time spent auto-exploring this place.
 F = Levels seen in this place.
 G = Mean time per level.
                   A        B        C        D        E       F      G
               +--------+--------+--------+--------+--------+-----+--------+
         Total |   1737 |   1699 |     38 |      0 |   1430 |   3 |  579.0 |
       Dungeon |   1737 |   1699 |     38 |      0 |   1430 |   3 |  579.0 |
               +--------+--------+--------+--------+--------+-----+--------+

Top non-repeatable levels by time:
     D:1: 776 daAuts
     D:2: 611 daAuts
     D:3: 350 daAuts
